 Dungeon Crawl Stone Soup version 0.30.1-9-gdf580d7c3d (webtiles) character file.

Game seed: 17436699488459780949

101 tizbic2 the Ruffian (level 4, -12/40 HPs)
             Began as a Ghoul Monk on Sept 30, 2023.
             Mangled by an ogre
             ... wielding a +0 giant spiked club
              (29 damage)
             ... on level 3 of the Dungeon.
             The game lasted 00:07:26 (1956 turns).

tizbic2 the Ruffian (Ghoul Monk)                    Turns: 1956, Time: 00:07:27

Health: -12/40     AC: 13    Str: 19    XL:     4   Next: 75%
Magic:  4/4        EV: 10    Int:  5    God:
Gold:   126        SH:  0    Dex: 11    Spells: 3/3 levels left

rFire   . . .        o - +3 war axe of Ulaenoj {protect, rElec Str+3 SInv Stlth+}
rCold   + . .        c - orb {light}
rNeg    + + +        m - +0 scale mail
rPois   ∞            (no helmet)
rElec   +            p - scarf {+Inv}
rCorr   .            (no gloves)
SInv    +            (no boots)
Will    .....        (no amulet)
Stlth   +            (no ring)
HPRegen 0.00/turn    (no ring)
MPRegen 0.09/turn

%: no passive effects
@: under a protective aura, inhibited regen, glowing
A: claws 1, cold resistance 1, negative energy resistance 3, inhibited
regeneration, torment resistance 2, devour on kill
a: Evoke Invisibility


You were on level 3 of the Dungeon.
You visited 1 branch of the dungeon, and saw 3 of its levels.

You collected 126 gold pieces.

Inventory:

Hand Weapons
 h - a +0 mace
 i - a +0 morningstar
 n - a +0 heavy trident
 o - the +3 war axe of Ulaenoj (weapon) {protect, rElec Str+3 SInv Stlth+}
   (You found it on level 3 of the Dungeon)

   Str:       It affects your strength (+3).
   rElec:     It insulates you from electricity.
   SInv:      It lets you see invisible.
   Stlth:     It makes you more stealthy.
Missiles
 d - 2 boomerangs
 e - 21 stones (quivered)
Armour
 a - a +0 robe
 c - an orb of light (worn)
 f - a +0 ring mail
 m - a +0 scale mail (worn)
 p - a scarf of invisibility (worn)
Scrolls
 q - a scroll of teleportation
 s - a scroll of immolation
Potions
 b - a potion of ambrosia
 g - 3 potions of attraction
 j - a potion of degeneration {unknown}
 k - 2 potions of curing {unknown}
 l - a potion of heal wounds {unknown}
 r - 2 potions of might {unknown}


   Skills:
 + Level 3.9 Fighting
 * Level 0.2(0.5) Axes
 - Level 0.7(0.8) Maces & Flails
 - Level 3.1 Dodging
 + Level 4.3 Unarmed Combat
 + Level 1.8 Invocations


You had 3 spell levels left.
You didn't know any spells.
Your spell library contained the following spells:

 Spells                   Type           Power      Damage    Failure   Level
 Sandblast                Erth           0%         2d4       86%         1
 Slow                     Hex            0%         N/A       86%         1
 Passwall                 Tmut/Erth      0%         N/A       95%         2
 Confusing Touch          Hex            0%         N/A       99%         3
 Stone Arrow              Conj/Erth      0%         3d7       99%         3
 Vampiric Draining        Necr           0%         2d6       99%         3


Dungeon Overview and Level Annotations

Branches:
Dungeon (3/15)

Altars:


Innate Abilities, Weirdness & Mutations

You are immune to poison.
You have sharp fingernails.
Your flesh is cold resistant. (rC+)
You are immune to negative energy. (rN+++)
You do not regenerate when monsters are visible.
You are immune to unholy pain and torment.
You thrive by killing the living.


Message History

A ball python comes into view.
The ball python hisses angrily.
The ball python bites you but does no damage.
The ball python grabs you. The ball python constricts you.
The ball python bites you but does no damage.
The ball python constricts you.
You slash the ball python!
Your weapon exudes an aura of protection.
You kill the ball python!
You see here a ball python corpse.
You open the large door.
A hobgoblin comes into view.
Found a cyan potion.
There is a large open door here.
The hobgoblin barely misses you.
You slash the hobgoblin!
Your weapon exudes an aura of protection.
You kill the hobgoblin!
You see here a hobgoblin corpse.
r - 2 cyan potions (gained 1)
There is a stone staircase leading down here.
Found a scroll of immolation.
You see here a scroll of immolation.
s - a scroll of immolation An ogre comes into view.
It is wielding a +0 giant spiked club.
Found a stone staircase leading down.
The ogre shouts!
You start putting on your armour.
You continue putting on your orb of light. x3
The ogre hits you with a +0 giant spiked club!!
Ouch! That really hurt!
You continue putting on your orb of light.
The ogre barely misses you.
You finish putting on your orb of light.
You hit the ogre.
Your weapon exudes an aura of protection.
The ogre is moderately wounded.
The ogre hits you with a +0 giant spiked club!!
Ouch! That really hurt!
You die...

.....#..##...#.##.#####
####.#...#...#.##.....#
# #.#######.#.######.# #
#.#.........# #.#
####.#.#####.########.##
...#...#.....# #......#
##.#####.##### #.###..#
.#.# ### ####.# #..#
.#.# #.O@.# #..# .#.#
.>...#######..# P#.# ...
.........# .P.# ### 8
########.# .#.# ..#
#...##.# ##.# #.#
#.#.##.# ...# #.#
######.#....# ######.###
#......###### .# #.....#
#.######


You could see an ogre.

Vanquished Creatures
  4 adders
  3 worms (D:2)
  2 dart slugs
  5 ball pythons
  4 endoplasms
  3 giant cockroaches (D:2)
  2 goblins
  7 hobgoblins
  4 jackals
  A kobold (D:2)
  3 quokkas (D:1)
  5 bats
  4 frilled lizards
  3 rats
50 creatures vanquished.

Notes
Turn   | Place    | Note
-------+----------+-------------------------------------------
     0 | D:1      | tizbic2 the Ghoul Monk began the quest for the Orb.
     0 | D:1      | Reached XP level 1. HP: 19/19 MP: 0/0
   138 | D:1      | Reached XP level 2. HP: 25/26 MP: 1/1
   662 | D:2      | Reached XP level 3. HP: 31/31 MP: 2/2
   766 | D:2      | Reached skill level 4 in Unarmed Combat
   841 | D:2      | Reached skill level 1 in Invocations
  1062 | D:2      | Reached XP level 4. HP: 40/40 MP: 3/3
  1746 | D:3      | Identified the +3 war axe of Ulaenoj {protect, rElec Str+3
                  | SInv Stlth+}
  1949 | D:3      | Noticed an ogre
  1956 | D:3      | Mangled by an ogre

Illustrated notes

Levels and vault maps discovered:
D:1:      dpeg_arrival_rooms_c, layout_loops_ring, minmay_misc_feat_five
D:2:      minmay_general_purpose_star, layout_basic
D:3:      cheibrodos_old_hovel, layout_basic, mainiacjoe_overflow_boulevard,
          nicolae_dithmenos_the_darkroom, st_stairs_6

Skill      XL: |  1  2  3 |
---------------+----------+-----
Dodging        | 3 |  3.1
Unarmed Combat | 4 |  4.3
Invocations    | 1 |  1.8
Fighting       | |  3.9
Axes           | |  0.2
Maces & Flails | |  0.7

Action                     |  1- 3 |  4- 6 || total
---------------------------+-------+-------++-------
  Melee: Unarmed           |    72 |       ||    72
         Morningstar       |    11 |    26 ||    37
         Punch             |     1 |       ||     1
         War axe           |       |    13 ||    13
         Trident           |       |    10 ||    10
  Throw: Stone             |     5 |       ||     5
    Use: Scroll            |     2 |     3 ||     5
 Armour: Robe              |     2 |       ||     2
         Ring mail         |    17 |       ||    17
         Scale mail        |     4 |    31 ||    35
  Dodge: Dodged            |    34 |    28 ||    62
